 Dungeon Crawl Stone Soup version 0.28.0-49-g6dfe1f597d (webtiles) character file.

Game seed: 13547714887939550927

19236 NinjaNoafa the Fighter (level 12, -6/129 HPs)
             Began as a Black Draconian Chaos Knight on May 11, 2022.
             Was a Plaything of Xom.
             Mangled by an orc warrior
             ... wielding a +0 trident
              (8 damage)
             ... on level 2 of the Orcish Mines.
             The game lasted 00:37:52 (11925 turns).

NinjaNoafa the Fighter (DrCK)                      Turns: 11925, Time: 00:37:52

Health: -6/129     AC:  8    Str: 15    XL:     12   Next: 34%
Magic:  16/16      EV: 18    Int: 12    God:    Xom [...*..]
Gold:   883        SH: 17    Dex: 21    Spells: 15/17 levels left

rFire   + . .      SeeInvis .   n - +11 mace of Destiny {vamp, rPois Dex+7}
rCold   . . .      Faith    .   J - +0 kite shield
rNeg    . . .      Spirit   .   (armour unavailable)
rPois   +          Reflect  +   (helmet restricted)
rElec   +          Harm     .   r - +0 cloak
rCorr   .          Rampage  .   i - +0 pair of gloves
Will    +....                   s - +0 pair of boots
Stlth   ++++......              e - amulet of reflection
HPRegen 0.31/turn               c - +4 ring of protection
MPRegen 0.15/turn               K - ring of protection from fire

@: short of breath, corroded
A: breathe lightning, AC +8, unfitting armour, electricity resistance,
cold-blooded, antennae 1, beak, hooves 1, stinger 1, clumsy 1, strong-willed 1,
robust 2, shaggy fur 1
a: Breathe Lightning, Renounce Religion


You were on level 2 of the Orcish Mines.
You worshipped Xom.
You were a favourite toy of Xom.
You visited 3 branches of the dungeon, and saw 15 of its levels.

You collected 883 gold pieces.

Inventory:

Hand Weapons
 a - a +0 falchion of chaos
 n - the +11 mace of Destiny (weapon) {vamp, rPois Dex+7}
   (You found it on level 2 of the Dungeon)

   It occasionally heals its wielder for a portion of the damage dealt when it
   wounds a living foe.
   Dex:       It affects your dexterity (+7).
   rPois:     It protects you from poison.
Missiles
 d - 340 stones
 t - 14 poisoned darts (quivered)
 x - 9 boomerangs
 F - 2 throwing nets
Armour
 i - a +0 pair of gloves (worn)
 r - a +0 cloak (worn)
 s - a +0 pair of boots (worn)
 J - a +0 kite shield (worn)
Magical Staves
 l - a staff of air
Jewellery
 c - a +4 ring of protection (left hand)
 e - an amulet of reflection (around neck)
 A - a ring of ice
 B - a ring of resist corrosion
 E - an amulet of faith
 K - a ring of protection from fire (right hand)
 M - a ring of fire
Wands
 g - a wand of flame (8)
 m - a wand of charming (6)
 u - a wand of iceblast (14)
 G - a wand of paralysis (2)
Scrolls
 h - a scroll of enchant weapon
 j - a scroll of noise
 p - 3 scrolls of vulnerability
 q - 2 scrolls of magic mapping
 D - 2 scrolls of silence
Potions
 b - a potion of magic
 f - a potion of cancellation
 o - 2 potions of curing
 v - a potion of haste
 z - 2 potions of degeneration
 I - a potion of attraction
 P - a potion of flight
Miscellaneous
 k - a phantom mirror (inert)
 O - a tin of tremorstones (inert)


   Skills:
 - Level 10.9 Fighting
 - Level 3.3 Long Blades
 - Level 9.0 Maces & Flails
 - Level 10.0 Dodging
 - Level 6.0 Stealth
 * Level 7.3 Shields
 - Level 3.0 Spellcasting
 - Level 6.0 Transmutations
 + Level 6.1 Evocations


You had 15 spell levels left.
You knew the following spells:

 Your Spells              Type           Power      Damage    Failure   Level
a - Wereblood             Tmut           16%        N/A       8%          2

Your spell library contained the following spells:

 Spells                   Type           Power      Damage    Failure   Level
 Beastly Appendage        Tmut           32%        N/A       5%          1
 Spider Form              Tmut/Pois      9%         N/A       47%         3
 Pain                     Necr           4%         1d4       52%         1
 Summon Small Mammal      Summ           4%         N/A       52%         1
 Sublimation of Blood     Necr           1%         N/A       67%         2
 Petrify                  Tmut/Erth      9%         N/A       87%         4
 Call Canine Familiar     Summ           1%         N/A       88%         3
 Dazzling Flash           Conj/Hex       2%         N/A       88%         3
 Gell's Gravitas          Tloc           1%         N/A       88%         3
 Inner Flame              Hex/Fire       1%         N/A       88%         3
 Lesser Beckoning         Tloc           1%         N/A       88%         3
 Summon Guardian Golem    Hex/Summ       1%         N/A       88%         3
 Teleport Other           Tloc           1%         N/A       88%         3
 Vampiric Draining        Necr           1%         2d6       88%         3
 Anguish                  Hex/Necr       0%         N/A       99%         4
 Cause Fear               Hex            0%         N/A       99%         4
 Dispel Undead            Necr           1%         3d6       99%         4
 Iskenderun's Mystic Bla  Conj/Tloc      1%         2d3       99%         4
 Summon Ice Beast         Ice/Summ       1%         N/A       99%         4
 Agony                    Necr           1%         N/A       100%        5
 Borgnjor's Vile Clutch   Necr/Erth      0%         N/A       100%        5
 Excruciating Wounds      Necr           0%         N/A       100%        5
 Metabolic Englaciation   Hex/Ice        0%         N/A       100%        5
 Summon Forest            Summ/Tloc      0%         N/A       100%        5
 Summon Mana Viper        Hex/Summ       1%         N/A       100%        5
 Starburst                Conj/Fire      0%         6d3       100%        6
 Statue Form              Tmut/Erth      6%         N/A       100%        6
 Summon Cactus Giant      Summ           0%         N/A       100%        6
 Monstrous Menagerie      Summ           0%         N/A       100%        7
 Summon Hydra             Summ           0%         N/A       100%        7
 Discord                  Hex            0%         N/A       100%        8


Dungeon Overview and Level Annotations

Branches:
Dungeon (12/15)            Temple (1/1) D:7            Lair (0/6) D:10
    Orc (2/2) D:12
    Elf: Orc:2

Altars:
Ashenzari
Cheibriados
Dithmenos
Elyvilon
Fedhas
Gozag
Hepliaklqana
Kikubaaqudgha
Makhleb
Nemelex Xobeh
Okawaru
Qazlal
Ru
Sif Muna
Trog
Uskayaw
Vehumet
Wu Jian
Xom
Yredelemnul
Zin
The Shining One
Beogh

Shops:
D:8 *   D:10 =

Annotations:
D:10 exclusion: oklob plant
D:12 Frances


Innate Abilities, Weirdness & Mutations

You can breathe wild blasts of lightning.
Your glossy black scales are hard. (AC +8)
You cannot fit into any form of body armour.
You are resistant to electric shocks. (rElec)
You are cold-blooded and may be slowed by cold attacks.
You have a pair of small antennae on your head.
You have a beak for a mouth.
You have large cloven feet.
Your tail ends in a venomous barb.
You are clumsy. (Dex -2)
You are strong-willed. (Will+)
You are very robust. (+20% HP)
You are covered in fur. (AC +1)


Message History

Something hits you.
* * * LOW HITPOINT WARNING * * *
As you read the scroll of fog, it crumbles to dust.
The scroll dissolves into smoke.
Something barely misses you. You block the orc's attack.
The orc warrior closely misses you. You block the troll's attack.
The troll barely misses you. x2
The troll bites you!
* * * LOW HITPOINT WARNING * * *
The troll barely misses you. The troll completely misses you.
The orc warrior hits you from afar with a +0 trident.
* * * LOW HITPOINT WARNING * * *
Something hits you but does no damage.
Activating: Breathe Lightning (2% risk of failure)
Press: ? - help, Dir - look around, f - activate You breathe a wild blast of lightning!
You hear a mighty clap of thunder!
The bolt of lightning hits the troll!
The troll is moderately wounded.
The orb of electricity explodes!
The orb of electricity engulfs something!
The orb of electricity engulfs you. You resist.
* * * LOW HITPOINT WARNING * * *
Xom thinks this is hilarious!
The orb of electricity engulfs the orc!
You kill the orc!
The orb of electricity engulfs the orc warrior!
You kill the orc warrior!
The orb of electricity engulfs the troll!!
The troll is almost dead.
The orb of electricity engulfs the orc warrior!!
The orc warrior is almost dead.
The orb of electricity engulfs the troll.
The troll is moderately wounded.
The orb of electricity engulfs something.
You hear a shout! x25; You hear some strange, mumbled words.
A magic dart appears from out of thin air!
The magic dart hits you but does no damage.
The orc warrior hits you from afar with a +0 trident!
You die...
Xom giggles madly!

#..#....##
..$.....#
........## .$.
........# ...$
##......###$....
#.......<)...oT.
#..o...........
###T{§.......##
#@To.......#
##§{§...)####
#.§§§.....#
#.......$....
##............
#............
............
.....#.#.##.
....######


You could see 2 trolls, an orc warrior and an orc.

Vanquished Creatures
  Harold (D:7)
  2 hydras
  5 two-headed ogres
  2 orc high priests
  An orc knight (Orc:1)
  A deep elf pyromancer (D:10)
  An orc sorcerer (Orc:1)
  A cyclops (D:12)
  Maurice (D:9)
  3 unseen horrors
  A komodo dragon (D:12)
  4 trolls
  A culicivora (D:11)
  A shadow (D:12)
  A wraith (D:10)
  A wyvern (D:9)
  5 yaks (D:11)
  4 fire bats (D:11)
  2 wargs (Orc:1)
  Edmund (D:6)
  3 acid dragons
  A water moccasin (D:5)
  A hell hound (D:11)
  An ice beast (D:6)
  11 orc warriors
  A sky beast (D:5)
  A necrophage (D:6)
  3 ogres
  3 centaurs
  2 phantoms
  A bullfrog (D:6)
  2 gnoll sergeants
  3 scorpions
  2 wyvern zombies
  A water moccasin skeleton (D:6)
  10 killer bees
  3 troll zombies (D:12)
  3 wights (D:7)
  An electric eel (D:6)
  A howler monkey (D:9)
  2 lava snakes (D:11)
  5 centaur zombies
  A hound (D:7)
  A jelly (D:7)
  Crazy Yiuf (D:3)
  16 orc priests
  A bullfrog skeleton (D:6)
  2 gnoll shamans
  3 iguanas
  17 orc wizards
  4 ogre zombies (D:12)
  3 hound skeletons
  2 howler monkey zombies
  26 gnolls
  A howler monkey skeleton (D:5)
  3 adders
  A shadow imp (D:7)
  A dart slug (D:3)
  50 orcs
  3 endoplasms
  2 giant cockroaches
  9 goblins
  3 hobgoblins
  8 jackals
  7 kobolds
  3 quokkas
  6 ball pythons
  5 bats
  2 frilled lizards
  A goblin skeleton (D:12)
  2 goblin zombies (D:12)
  3 hobgoblin skeletons (D:12)
  5 hobgoblin zombies (D:12)
  2 orc skeletons (D:12)
  11 orc zombies (D:12)
  4 rats
  3 fire vortices (D:11)
312 creatures vanquished.

Vanquished Creatures (collateral kills)
  A komodo dragon (D:12)
  An orc wizard (D:9)
  An orc zombie (D:12)
3 creatures vanquished.

Vanquished Creatures (others)
  A killer bee (D:11)
  An orc wizard (D:8)
  10 plants (D:10)
12 creatures vanquished.

Grand Total: 327 creatures vanquished

Notes
Turn   | Place    | Note
-------+----------+-------------------------------------------
     0 | D:1      | NinjaNoafa the Draconian Chaos Knight began the quest for
                  | the Orb.
     0 | D:1      | Reached XP level 1. HP: 19/19 MP: 1/1
    18 | D:1      | XOM: silly message
   322 | D:1      | Reached XP level 2. HP: 22/26 MP: 2/2
   462 | D:1      | Found a faded altar of an unknown god.
   684 | D:1      | XOM: noise
  1241 | D:2      | Identified the +11 mace of Destiny {vamp, rPois Dex+7}
  1322 | D:2      | Reached XP level 3. HP: 33/33 MP: 3/3
  1348 | D:2      | XOM: cloud trail
  1553 | D:3      | Reached skill level 1 in Maces & Flails
  1554 | D:3      | Reached XP level 4. HP: 40/40 MP: 4/4
  2284 | D:3      | Found a runed translucent door.
  2285 | D:3      | Noticed Crazy Yiuf
  2293 | D:3      | Killed Crazy Yiuf
  2294 | D:3      | Reached XP level 5. HP: 26/46 MP: 5/5
  2431 | D:3      | XOM: silly message
  2736 | D:4      | XOM: confusion (+ monsters)
  2738 | D:4      | XOM: noise
  2755 | D:4      | Reached XP level 6. HP: 29/52 MP: 6/6
  2759 | D:4      | Reached skill level 5 in Maces & Flails
  2971 | D:4      | Found a radiant altar of Vehumet.
  3166 | D:5      | Entered Level 5 of the Dungeon
  3166 | D:5      | Noticed a water moccasin
  3174 | D:5      | Killed a water moccasin
  3178 | D:5      | XOM: summons 1 hostile demon
  3265 | D:5      | Noticed a sky beast
  3273 | D:5      | XOM: give mutation
  3273 | D:5      | Gained mutation: Your body sometimes deteriorates upon
                  | taking damage. [Xom's mischief]
  3274 | D:5      | Killed a sky beast
  3275 | D:5      | Your scales start taking on a glossy black colour.
  3275 | D:5      | Reached XP level 7. HP: 55/59 MP: 7/7
  3275 | D:5      | Gained mutation: You are resistant to electric shocks.
                  | (rElec) [Black Draconian growth]
  3462 | D:5      | XOM: polymorph orc -> gnoll
  3618 | D:5      | XOM: smoke on damage
  3742 | D:5      | Reached skill level 5 in Fighting
  3769 | D:5      | Reached XP level 8. HP: 68/68 MP: 8/8
  3999 | D:5      | Reached skill level 10 in Fighting
  3999 | D:5      | Reached XP level 9. HP: 86/86 MP: 9/9
  4114 | D:5      | Upgraded the game from 0.28.0-47-ge53b351184 to
                  | 0.28.0-49-g6dfe1f597d
  4200 | D:6      | XOM: confuse monster(s)
  4227 | D:6      | Reached skill level 1 in Stealth
  4274 | D:6      | XOM: noise
  4399 | D:6      | Noticed Edmund
  4411 | D:6      | Killed Edmund
  4427 | D:6      | XOM: 2-stop teleportation journey
  4462 | D:6      | XOM: silly message
  4587 | D:6      | XOM: give mutations
  4587 | D:6      | Gained mutation: You have hidden genetic potential. [Xom's
                  | grace]
  4587 | D:6      | Gained mutation: Your tail ends in a venomous barb. [Xom's
                  | grace]
  4964 | D:6      | Found a shimmering blue altar of Sif Muna.
  5083 | D:6      | XOM: god gift: book of Spectacle
  5134 | D:6      | XOM: polymorph orc wizard -> killer bee
  5423 | D:7      | XOM: god gift: 25 bolts
  5441 | D:7      | XOM: scenery: create altars
  5686 | D:7      | XOM: summons friendly ufetubus
  5742 | D:7      | XOM: god gift: scroll labelled YBUWNO QOVADD {god gift}
  5802 | D:7      | Found a staircase to the Ecumenical Temple.
  5818 | D:7      | Noticed a two-headed ogre
  5830 | D:7      | Killed a two-headed ogre
  5831 | D:7      | Reached XP level 10. HP: 94/94 MP: 10/10
  5958 | D:7      | Noticed Harold
  5964 | D:7      | XOM: divination: detect creatures
  5973 | D:7      | XOM: enchant monster (good)
  5982 | D:7      | Killed Harold
  5983 | D:7      | Reached skill level 5 in Stealth
  5993 | D:7      | Gained mutation: You are strong-willed. (Will+) [hidden
                  | potential]
  6205 | D:7      | XOM: silly message
  6252 | Temple   | Entered the Ecumenical Temple
  6270 | Temple   | XOM: 5-stop teleportation journey
  6623 | D:7      | XOM: summons 3 hostile shadow creatures
  6761 | D:8      | Noticed a two-headed ogre
  6768 | D:8      | Killed a two-headed ogre
  6909 | D:8      | Found Vigumoh's General Store.
  6919 | D:8      | XOM is BORED!
  6919 | D:8      | XOM: summons 6 hostile demons
  7435 | D:9      | XOM: summons 3 hostile shadow creatures
  7450 | D:9      | XOM: summons 6 friendly demons
  7472 | D:9      | Noticed Maurice
  7474 | D:9      | XOM: enchant monster (good)
  7474 | D:9      | Noticed a two-headed ogre
  7475 | D:9      | Reached skill level 1 in Transmutations
  7487 | D:9      | Reached skill level 1 in Spellcasting
  7493 | D:9      | Killed a two-headed ogre
  7500 | D:9      | Found a bloodstained altar of Trog.
  7500 | D:9      | Found an iron altar of Okawaru.
  7500 | D:9      | Found an ornate altar of the Wu Jian Council.
  7571 | D:9      | XOM: divination: detect creatures
  7575 | D:9      | XOM: polymorph orc warrior -> centaur
  8014 | D:9      | XOM: divination: detect items
  8020 | D:9      | Killed Maurice
  8177 | D:9      | Found a shimmering altar of Xom.
  8355 | D:9      | XOM: silly message
  8412 | D:10     | Entered Level 10 of the Dungeon
  8443 | D:10     | XOM: swap monsters
  8486 | D:10     | Identified the +4 chain mail of the Sailor {Harm Str-2
                  | Slay+5}
  8509 | D:10     | Found Fomuerch's Jewellery Shoppe.
  8627 | D:10     | XOM: cast spell 'Summon Small Mammal'
  8628 | D:10     | XOM: noise
  8634 | D:10     | Reached XP level 11. HP: 101/101 MP: 15/15
  8764 | D:10     | Noticed an oklob plant
  8767 | D:10     | Found a staircase to the Lair.
  8767 | D:10     | XOM: noise
  8832 | D:10     | XOM: 3-stop teleportation journey
  9034 | D:10     | Identified the +4 spear "Hellblazer" {vorpal, Int+4}
  9034 | D:10     | Noticed a deep elf pyromancer
  9038 | D:10     | XOM: silly message
  9104 | D:10     | Killed a deep elf pyromancer
  9348 | D:11     | XOM: divination: detect creatures
  9358 | D:11     | Reached skill level 5 in Transmutations
  9369 | D:11     | Gained mutation: You are robust. (+10% HP) [hidden
                  | potential]
  9369 | D:11     | Lost mutation: You have hidden genetic potential. [hidden
                  | potential expressed]
  9371 | D:11     | Learned a level 2 spell: Wereblood
  9454 | D:11     | XOM: enchant monster (good)
  9596 | D:11     | Noticed a four-headed hydra
  9604 | D:11     | Killed a four-headed hydra
  9656 | D:11     | XOM: divination: magic mapping
  9661 | D:11     | XOM: divination: magic mapping
  9690 | D:11     | XOM: scenery: 1 doors close
  9695 | D:11     | XOM: silly message
  9911 | D:11     | XOM: 2-stop teleportation journey
  9916 | D:11     | Reached skill level 5 in Evocations
  9945 | D:11     | XOM: polymorph something unseen -> culicivora
 10217 | D:12     | Found a staircase to the Orcish Mines.
 10219 | D:12     | XOM: confuse monster(s)
 10248 | D:11     | XOM: god gift: Xom's Grimoire of the Hart {god gift}
 10249 | D:11     | Got Xom's Grimoire of the Hart {god gift}
 10621 | D:11     | XOM: give mutations
 10621 | D:11     | Gained mutation: You are covered in fur. (AC +1) [Xom's
                  | grace]
 10621 | D:11     | Gained mutation: You are very robust. (+20% HP) [Xom's
                  | grace]
 10621 | D:11     | Gained mutation: You have a pair of small antennae on your
                  | head. [Xom's grace]
 10641 | D:12     | Noticed a boulder beetle
 10641 | D:12     | XOM: 3-stop teleportation journey
 10649 | D:12     | XOM: summons 11 friendly demons
 10657 | D:12     | XOM: polymorph quasit -> iron imp
 10681 | D:12     | XOM: swap monsters
 10762 | D:12     | XOM: 1-stop teleportation journey
 10801 | D:12     | Noticed a two-headed ogre
 10803 | D:12     | XOM: chaos upgrade
 10812 | D:12     | Killed a two-headed ogre
 10813 | D:12     | Reached skill level 10 in Dodging
 10813 | D:12     | Reached skill level 1 in Shields
 10997 | D:12     | Noticed a five-headed hydra
 11003 | D:12     | Killed a five-headed hydra
 11085 | D:12     | Noticed a two-headed ogre
 11099 | D:12     | Killed a two-headed ogre
 11104 | D:12     | Reached XP level 12. HP: 129/129 MP: 16/16
 11150 | D:12     | XOM: give mutations
 11150 | D:12     | Gained mutation: You have large cloven feet. [Xom's grace]
 11150 | D:12     | Gained mutation: You have a beak for a mouth. [Xom's grace]
 11162 | D:12     | XOM: confuse monster(s)
 11182 | D:12     | Noticed Frances
 11191 | D:12     | XOM: smoke on damage
 11282 | D:11     | XOM: scenery: 1 doors close
 11301 | Orc:1    | Entered Level 1 of the Orcish Mines
 11303 | Orc:1    | XOM: give mutations
 11303 | Orc:1    | Lost mutation: Your body sometimes deteriorates upon taking
                  | damage. [Xom's mischief]
 11303 | Orc:1    | Gained mutation: You are clumsy. (Dex -2) [Xom's mischief]
 11329 | Orc:1    | Reached skill level 5 in Shields
 11420 | Orc:1    | Noticed an orc high priest
 11420 | Orc:1    | XOM: swap monsters
 11437 | Orc:1    | XOM: enchant monster (good)
 11442 | Orc:1    | Killed an orc high priest
 11878 | Orc:2    | Entered Level 2 of the Orcish Mines
 11878 | Orc:2    | Noticed an orc high priest
 11906 | Orc:2    | Killed an orc high priest
 11925 | Orc:2    | HP: 2/129 [shot self (6)]
 11925 | Orc:2    | Mangled by an orc warrior

Illustrated notes

Levels and vault maps discovered:
D:1:      sevenhm_arrival_forest_fort_large_4, layout_loops_ring,
          shapermc_ecumenical_altar_venn, minmay_box_of_dots
D:2:      layout_rooms
D:3:      minmay_inner_zag, layout_basic, uniq_crazy_yiuf_cottage
D:4:      layout_cave_pools, mainiacjoe_overflow_surrounded_room
D:5:      layout_basic, minmay_misc_feat_secret_circle
D:6:      layout_layer_cave, mainiacjoe_overflow_24_doors, nicolae_water_bricks,
          uniq_edmund
D:7:      layout_cave_pods, temple_statues, uniq_harold
D:8:      layout_rooms, serial_shops, shop
D:9:      layout_cave_pools, nicolae_overflow_quartered_altars, enter_bailey_3,
          uniq_maurice
D:10:     layout_rooms, dpeg_oklobed_lair, serial_co_window_serial,
          co_window_corner_a, co_window_paths_b, co_window_paths_a,
          co_window_paths_b, co_window_of_opportunity_a, co_window_cross_1,
          co_window_paths_b, co_window_cross_3, co_window_unsneaky_path_c,
          co_window_broadway_b, co_window_2corner, co_window_paths_d,
          minmay_shop_enchanted_jewellery, eino_jars
D:11:     layout_roguey, hangedman_incinerator
D:12:     layout_irregular_city, zombieorc2_lemuel, uniq_frances
Temple:   nicolae_temple_elliptical
Orc:1:    layout_diamond_mine, basic_altar, nicolae_orc_crystal_geode
Orc:2:    st_orc_mages, layout_diamond_mine, serial_shops, shop, uniq_sonja

Skill      XL: |  1  2  3  4  5  6  7  8  9 10 11 12 |
---------------+-------------------------------------+-----
Fighting       | 4 5 10 | 10.9
Maces & Flails | 2 3 4 6 7 8 9 |  9.0
Dodging        | 3 4 9 10 | 10.0
Stealth        | 4 6 |  6.0
Transmutations | 3 6 |  6.0
Spellcasting   | 3 |  3.0
Evocations     | 6 |  6.1
Shields        | 4 7 |  7.3
Long Blades    | |  3.3

Action                   |  1- 3 |  4- 6 |  7- 9 | 10-12 || total
-------------------------+-------+-------+-------+-------++-------
Melee: Falchion          |    57 |       |       |       ||    57
       Tailslap          |     7 |     6 |    15 |    72 ||   100
       Mace              |    15 |    92 |   159 |   417 ||   683
       Peck              |       |       |       |    24 ||    24
Throw: Stone             |       |     6 |       |       ||     6
       Dart              |       |     2 |       |     2 ||     4
 Cast: Wereblood         |       |       |       |    11 ||    11
 Abil: Breathe Lightning |       |       |     5 |    22 ||    27
Evoke: Wand              |       |       |       |    18 ||    18
       Tin of tremorston |       |       |       |     3 ||     3
       Phantom mirror    |       |       |       |     1 ||     1
  Use: Scroll            |       |     4 |     6 |    18 ||    28
       Potion            |       |     1 |     3 |     8 ||    12
 Stab: Confused          |     1 |       |       |     3 ||     4
       Sleeping          |       |     1 |     4 |     3 ||     8
       Petrified         |       |       |       |     5 ||     5
       Distracted        |       |       |       |     1 ||     1
       Fleeing           |       |       |       |     1 ||     1
       Petrifying        |       |       |       |     1 ||     1
Armor: Skin              |    34 |    30 |    48 |   286 ||   398
Dodge: Dodged            |    68 |    77 |   123 |   516 ||   784
Block: Other             |     6 |    14 |       |     2 ||    22
       Reflection        |     2 |       |     2 |     2 ||     6
       Orb               |       |    16 |    36 |    79 ||   131
       Kite shield       |       |       |       |   318 ||   318
       Buckler           |       |       |       |     6 ||     6
